 Dungeon Crawl Stone Soup version 0.29-a0-110-g189f89ecda (webtiles) character file.

Game seed: 1173401239106918807

93694 Murumi the Grappler (level 15, -10/153 HPs)
             Began as a Troll Monk on Feb 17, 2022.
             Was a High Priest of Okawaru.
             Mangled by a vault guard (31 damage)
             ... in the Arena.
             The game lasted 02:18:20 (24074 turns).

Murumi the Grappler (Troll Monk)                   Turns: 24074, Time: 02:18:21

Health: -10/153    AC:  8    Str: 28    XL:     15   Next: 61%
Magic:  12/19      EV: 17    Int: 13    God:    Okawaru [*****.]
Gold:   2278       SH:  0    Dex: 12    Spells: 14/14 levels left

rFire   + . .      SeeInvis +     - Unarmed
rCold   + . .      Faith    +   (no shield)
rNeg    . . .      Spirit   .   I - +3 robe of Jetil {rC+ rCorr Int-2 SInv}
rPois   +          Reflect  .   G - +0 hat of Okawaru's Benevolence {rPois Will- Regen+ Str+5}
rElec   .          Harm     .   U - +0 cloak of Servitude {Fly rPois Int+3}
rCorr   +          Rampage  .   (gloves unavailable)
Will    .....                   (boots unavailable)
Stlth   ++........              y - amulet of faith
HPRegen 1.95/turn               g - +4 ring of evasion
MPRegen 0.16/turn               H - ring of protection from fire

@: finesse-ful, flying, duelling
A: large, unfitting armour, claws 3, regeneration 1, shaggy fur 1, tough skin 1
a: Renounce Religion, Heroism, Finesse, Duel


You were in the Arena.
You worshipped Okawaru.
Okawaru was extremely pleased with you.
You visited 4 branches of the dungeon, and saw 22 of its levels.
You also visited: Sewer, Ice Cave and Volcano.

You collected 2289 gold pieces.
You spent 11 gold pieces at shops.

Inventory:

Hand Weapons
 W - a +4 giant spiked club of flaming
Missiles
 a - 27 large rocks
 c - 598 stones
 f - 35 poisoned darts
 t - a boomerang of dispersal
 E - 2 silver boomerangs
 F - 3 throwing nets
 L - 15 boomerangs
 Q - 5 javelins (quivered)
 S - 2 atropa-tipped darts
Armour
 G - the +0 hat of Okawaru's Benevolence (worn) {rPois Will- Regen+ Str+5}
   (Okawaru gifted it to you on level 9 of the Dungeon)

   Str:       It affects your strength (+5).
   rPois:     It protects you from poison.
   Regen:     It increases your rate of health regeneration.
   Will:      It decreases your willpower.
 I - the +3 robe of Jetil (worn) {rC+ rCorr Int-2 SInv}
   (Okawaru gifted it to you on level 12 of the Dungeon)

   Int:       It affects your intelligence (-2).
   rC:        It protects you from cold.
   SInv:      It lets you see invisible.
   rCorr:     It protects you from acid and corrosion.
 M - the +2 cloak of the Orcish Mines {-Cast rC+ rN+ Str+3}
   (Okawaru gifted it to you in an ice cave)

   Str:       It affects your strength (+3).
   rC:        It protects you from cold.
   rN:        It protects you from negative energy.
   -Cast:     It prevents spellcasting.
 P - the quicksilver dragon scales of Jigsaw {Will+ Int+2 Dex+4}
   (Okawaru gifted it to you on level 1 of the Lair of Beasts)

   Int:       It affects your intelligence (+2).
   Dex:       It affects your dexterity (+4).
   Will:      It increases your willpower.
 U - the +0 cloak of Servitude (worn) {Fly rPois Int+3}
   (Okawaru gifted it to you on level 6 of the Lair of Beasts)

   Int:       It affects your intelligence (+3).
   rPois:     It protects you from poison.
   Fly:       It grants you flight.
Jewellery
 d - a ring of ice
 g - a +4 ring of evasion (left claw)
 u - a ring of ice
 w - a ring of poison resistance
 y - an amulet of faith (around neck)
 H - a ring of protection from fire (right claw)
Wands
 b - a wand of flame (9)
 i - a wand of iceblast (18)
 p - a wand of digging (10)
 z - a wand of mindburst (23)
 K - a wand of acid (5)
Scrolls
 l - 7 scrolls of teleportation
 q - a scroll of holy word
 r - 4 scrolls of blinking
 v - 2 scrolls of silence
 J - 13 scrolls of identify
 O - a scroll of enchant armour
 T - a scroll of fog
 V - a scroll of fear
Potions
 e - 2 potions of magic
 j - 9 potions of ambrosia
 k - 6 potions of might
 m - 4 potions of heal wounds
 n - 2 potions of invisibility
 o - 3 potions of haste
 s - 3 potions of berserk rage
 x - 2 potions of curing
 A - 4 potions of brilliance
 B - 3 potions of cancellation
 C - 2 potions of resistance
 D - 4 potions of mutation
Miscellaneous
 h - a piece from Xom's chessboard (15/15)
 R - a lightning rod (4/4)


   Skills:
 - Level 11.0 Fighting
 - Level 12.0 Throwing
 - Level 6.0 Armour
 + Level 10.5 Dodging
 - Level 3.0 Stealth
 - Level 14.0 Unarmed Combat
 - Level 7.0 Invocations
 - Level 5.0 Evocations


You had 14 spell levels left.
You didn't know any spells.
Your spell library contained the following spells:

 Spells                   Type           Power      Damage    Failure   Level
 Apportation              Tloc           0%         N/A       30%         1
 Foxfire                  Conj/Fire      0%         2x1d4     30%         1
 Magic Dart               Conj           0%         1d3       30%         1
 Blink                    Tloc           0%         N/A       43%         2
 Searing Ray              Conj           0%         2d4       43%         2
 Gell's Gravitas          Tloc           0%         N/A       67%         3
 Lesser Beckoning         Tloc           0%         N/A       67%         3
 Anguish                  Hex/Necr       0%         N/A       97%         4
 Cause Fear               Hex            0%         N/A       97%         4
 Fulminant Prism          Conj/Hex       0%         3d6       97%         4
 Ice Form                 Ice/Tmut       0%         N/A       97%         4
 Lightning Bolt           Conj/Air       0%         1d11      100%        5
 Manifold Assault         Tloc           0%         N/A       100%        5
 Dispersal                Tloc           0%         N/A       100%        6
 Enfeeble                 Hex            0%         N/A       100%        7
 Storm Form               Tmut/Air       0%         N/A       100%        7
 Lehudib's Crystal Spear  Conj/Erth      0%         10d2      100%        8
 Tukima's Dance           Hex            Unusable   N/A       N/A         3
 Summon Lightning Spire   Summ/Air       Unusable   N/A       N/A         4

Dungeon Overview and Level Annotations

Branches:
Dungeon (13/15)            Temple (1/1) D:4            Lair (6/6) D:10
 Shoals (0/4) Lair:4       Spider (0/4) Lair:2        Slime (0/5) Lair:6
    Orc (2/2) D:12            Elf (0/3) Orc:2        Vaults (0/5) D:13
  Sewer (visited)           IceCv (visited)         Volcano (visited)

Altars:
Ashenzari
Cheibriados
Dithmenos
Elyvilon
Fedhas
Gozag
Hepliaklqana
Kikubaaqudgha
Makhleb
Nemelex Xobeh
Okawaru
Qazlal
Ru
Sif Muna
Trog
Uskayaw
Vehumet
Wu Jian
Xom
Yredelemnul
Zin
The Shining One
Beogh

Shops:
D:4 !   Orc:2 ?!!*


Innate Abilities, Weirdness & Mutations

You are too large for most types of armour.
You have claws for hands.
Your natural rate of healing is unusually fast.
You are covered in fur. (AC +1)
You have tough skin. (AC +1)


Message History

You are confused.
You feel invigorated.
The vault guard hits you but does no damage.
The vault guard closely misses you.
The vault guard hits you with a +0 long sword!
* * * LOW HITPOINT WARNING * * *
The vault guard closely misses you.
You're too confused to move!
The vault guard hits you with a +0 long sword.
* * * LOW HITPOINT WARNING * * *
The vault guard hits you from afar with a +0 bardiche!!
* * * LOW HITPOINT WARNING * * *
You feel much better. The vault guard barely misses you.
The vault guard closely misses you.
The vault guard hits you from afar with a +0 bardiche!!
* * * LOW HITPOINT WARNING * * *
Okay, then.
You're too confused to move!
The vault guard hits you with a +0 long sword.
* * * LOW HITPOINT WARNING * * *
The vault guard hits you with a +0 long sword.
* * * LOW HITPOINT WARNING * * *
The vault guard closely misses you.
You feel less invigorated.
You feel less confused.
Aiming: Duel (38% risk of failure)
Press: ? - help, Dir - move target, f - vault guard, p - vault guard
Aim: a vault guard, wielding a +0 bardiche and wearing a +0 plate armour You enter into single combat with the vault guard!
The world spins around you as you enter the gateway.
You enter Okawaru's Arena!
The spectator shouts! x3
Found a gate leading back out of this place.
There is an empty arch of ancient stone here.
The spectator shouts! x8
You scratch the vault guard.
The vault guard is lightly wounded.
The vault guard hits you with a +0 bardiche!!
You die...
Okawaru crowns the vault guard victorious!

#########
##.p▓▓▓p.##
##..▓▓.▓▓..##
##.p▓▓...▓▓p.##
#..▓▓.....▓▓..#
#p▓▓.......▓▓p#
#.▓.........▓▓#
#▓....@p...▓∩#
#.▓.........▓▓#
#p▓▓.......▓▓p#
#..▓▓.....▓▓..#
##.p▓▓...▓▓p.##
##..▓▓.▓▓..##
##.p▓▓▓p.##
#########


You could see a vault guard.

Vanquished Creatures
  Rupert (Orc:2)
  An orc warlord (Orc:2)
  Nessos (D:13)
  The ghost of confidenceinterval the Gelid, a journeyman GrIE of Ashenzari (Orc:2)
  Snorg (Lair:4)
  Harold (D:7)
  A boulder beetle (D:7)
  3 vault guards (D:13)
  8 hydras
  Erica (D:8)
  6 two-headed ogres
  A death knight (D:12)
  6 death yaks
  9 orc high priests (Orc:2)
  A hell knight (Volcano)
  Urug (Lair:6)
  A phantasmal warrior (D:12)
  2 bog bodies (IceCv)
  A wolf spider (Lair:6)
  3 lindwurms
  The ghost of EiAlmux the Conjurer, a novice DrCj of Vehumet (D:6)
  4 ugly things
  2 cyclopes
  A deep elf pyromancer (D:7)
  2 moths of wrath (Orc:2)
  A guardian serpent (Lair:6)
  15 black mambas
  9 elephants
  3 molten gargoyles (D:10)
  A merfolk siren (Lair:4)
  An ice statue (IceCv)
  A smoke demon (Volcano)
  25 cane toads
  2 gargoyles
  Maggie (D:7)
  2 unseen horrors (D:7)
  8 komodo dragons
  2 rime drakes (D:12)
  A freezing wraith (D:12)
  2 red devils (Volcano)
  3 anaconda simulacra (IceCv)
  Grinder (Sewer)
  A queen bee (D:10)
  8 trolls
  A polar bear (Lair:5)
  3 hornets
  Prince Ribbit (D:7)
  36 blink frogs
  5 slime creatures
  16 wyverns
  4 wraiths
  4 dire elephant simulacra (IceCv)
  42 yaks
  Grum (D:9)
  2 death yak simulacra (IceCv)
  3 basilisks
  5 fire bats (Volcano)
  2 redbacks (Lair:6)
  Edmund (D:4)
  A steam dragon (D:9)
  15 wargs (Orc:2)
  Menkaure (D:4)
  An acid dragon (D:10)
  A hell hound (Volcano)
  21 water moccasins
  11 orc warriors
  3 sky beasts (D:6)
  2 black bears
  2 ice beasts
  11 wolves
  6 ogres
  15 centaurs
  A phantom (D:4)
  3 kobold brigands
  14 bullfrogs
  A wyvern zombie (D:7)
  4 scorpions
  3 cane toad simulacra (IceCv)
  3 two-headed ogre simulacra (IceCv)
  A water moccasin zombie (D:5)
  2 elephant simulacra (IceCv)
  24 killer bees
  7 wights
  2 electric eels (Lair:6)
  A bullfrog zombie (D:6)
  5 howler monkeys
  6 lava snakes
  6 centaur zombies
  2 quasits (Sewer)
  A bullfrog skeleton (D:4)
  3 hounds
  30 orc priests
  4 jellies
  2 gnoll shamans
  4 iguanas
  Ijyb (D:4)
  23 orc wizards
  6 hell rats (Lair:5)
  A polar bear simulacrum (IceCv)
  4 spriggan simulacra (IceCv)
  5 troll simulacra (IceCv)
  2 wolf simulacra (IceCv)
  A killer bee zombie (D:8)
  A hound skeleton (D:4)
  A howler monkey zombie (D:7)
  11 gnolls
  4 adders
  10 naga simulacra (IceCv)
  A river rat (D:3)
  3 shadow imps
  8 white imps
  11 ufetubi
  An adder skeleton (D:4)
  2 worms
  87 orcs
  7 endoplasms
  4 giant cockroaches
  8 hobgoblins
  4 quokkas
  7 ball pythons
  9 bats
  2 frilled lizards
  A giant cockroach zombie (Sewer)
  2 goblins
  32 kobolds
  A kobold zombie (Sewer)
  8 rats
760 creatures vanquished.

Vanquished Creatures (others)
  A molten gargoyle (D:10)
  A killer bee (D:10)
  A bat zombie (Sewer)
  A kobold zombie (Sewer)
  31 fungi
  41 plants
76 creatures vanquished.

Grand Total: 836 creatures vanquished

Notes
Turn   | Place    | Note
-------+----------+-------------------------------------------
     0 | D:1      | Murumi the Troll Monk began the quest for the Orb.
     0 | D:1      | Reached XP level 1. HP: 22/22 MP: 0/0
   286 | D:1      | Reached XP level 2. HP: 29/29 MP: 1/1
   729 | D:2      | Found a glowing silver altar of Zin.
   773 | D:2      | Found a faded altar of an unknown god.
  1497 | D:3      | Identified a scroll of acquirement
  1497 | D:3      | Acquired a +4 ring of evasion
  1983 | D:3      | Found a glowing drain.
  1986 | D:3      | Reached XP level 3. HP: 37/37 MP: 2/2
  1993 | D:3      | Reached skill level 1 in Throwing
  1998 | Sewer    | Entered a sewer
  2117 | Sewer    | Found a burning altar of Makhleb.
  2132 | Sewer    | Reached skill level 1 in Armour
  2132 | Sewer    | Reached XP level 4. HP: 44/45 MP: 3/3
  2135 | Sewer    | Noticed a kobold brigand
  2138 | Sewer    | Noticed Grinder
  2166 | Sewer    | Killed a kobold brigand
  2167 | Sewer    | Reached XP level 5. HP: 35/53 MP: 4/4
  2172 | Sewer    | Paralysed by Grinder for 5 turns
  2181 | Sewer    | Killed Grinder
  2182 | Sewer    | Reached skill level 4 in Unarmed Combat
  2182 | Sewer    | Reached XP level 6. HP: 20/61 MP: 5/5
  2257 | Sewer    | Reached skill level 5 in Unarmed Combat
  2987 | D:4      | Reached XP level 7. HP: 52/67 MP: 6/6
  3020 | D:4      | Found a sparkling altar of Nemelex Xobeh.
  3184 | D:4      | Found a staircase to the Ecumenical Temple.
  3200 | Temple   | Entered the Ecumenical Temple
  3432 | D:4      | Found a burning altar of Makhleb.
  3478 | D:4      | Noticed Menkaure
  3490 | D:4      | Killed Menkaure
  3557 | D:4      | Found an iron altar of Okawaru.
  3566 | D:4      | Became a worshipper of Warmaster Okawaru
  3566 | D:4      | Reached * piety under Okawaru
  3566 | D:4      | Reached ** piety under Okawaru
  3677 | D:4      | Reached skill level 1 in Invocations
  3782 | D:4      | Found Yluisob's Distillery.
  3789 | D:4      | Bought a potion of degeneration for 11 gold pieces
  3825 | D:4      | Noticed Ijyb
  3837 | D:4      | Killed Ijyb
  3909 | D:4      | Noticed Edmund
  3923 | D:4      | Killed Edmund
  3924 | D:4      | Reached skill level 1 in Evocations
  3924 | D:4      | Reached XP level 8. HP: 78/78 MP: 8/8
  4157 | D:4      | Found a basalt altar of Yredelemnul.
  4222 | D:4      | Found a blossoming altar of Fedhas.
  4317 | D:5      | Entered Level 5 of the Dungeon
  4365 | D:4      | Reached skill level 5 in Throwing
  4473 | D:5      | Found a shimmering blue altar of Sif Muna.
  4634 | D:5      | Reached skill level 6 in Unarmed Combat
  4849 | D:5      | Found a radiant altar of Vehumet.
  4856 | D:5      | Found a shadowy altar of Dithmenos.
  4989 | D:5      | Reached skill level 7 in Unarmed Combat
  5115 | D:5      | Reached *** piety under Okawaru
  5486 | D:6      | Reached skill level 5 in Fighting
  5486 | D:6      | Reached XP level 9. HP: 77/88 MP: 9/9
  5518 | D:6      | Noticed EiAlmux's ghost (novice DrCj)
  5613 | D:6      | Found a transporter.
  5635 | D:6      | Found a transporter.
  6035 | D:6      | Got the Incunabulum of the Warped Rocks
  6050 | D:6      | Reached skill level 5 in Dodging
  6238 | D:6      | Killed EiAlmux's ghost
  6238 | D:6      | Reached **** piety under Okawaru
  6239 | D:6      | Reached skill level 8 in Unarmed Combat
  6473 | D:7      | Noticed Prince Ribbit
  6485 | D:7      | Killed Prince Ribbit
  6556 | D:7      | Noticed a boulder beetle
  6585 | D:7      | Killed a boulder beetle
  6586 | D:7      | Reached XP level 10. HP: 71/98 MP: 3/11
  6662 | D:7      | Noticed a two-headed ogre
  6662 | D:7      | Noticed a six-headed hydra
  6670 | D:7      | Killed a two-headed ogre
  6671 | D:7      | Noticed a deep elf pyromancer
  6683 | D:7      | Killed an eight-headed hydra
  6683 | D:7      | Reached ***** piety under Okawaru
  6684 | D:7      | Reached skill level 9 in Unarmed Combat
  6688 | D:7      | Killed a deep elf pyromancer
  6767 | D:7      | Got the Tome of Ignition and Flight
  6849 | D:7      | Noticed Maggie
  6857 | D:7      | Killed Maggie
  7213 | D:7      | Noticed Harold
  7223 | D:7      | Killed Harold
  7223 | D:7      | Received a gift from Okawaru
  7223 | D:7      | Received a gift from Okawaru
  7528 | D:8      | Reached XP level 11. HP: 105/105 MP: 13/13
  7635 | D:8      | Noticed Erica
  7646 | D:8      | Killed Erica
  7646 | D:8      | Received a gift from Okawaru
  8126 | D:8      | Found a bloodstained altar of Trog.
  8495 | D:9      | Found a shimmering altar of Xom.
  8520 | D:9      | Noticed a two-headed ogre
  8526 | D:9      | Killed a two-headed ogre
  8526 | D:9      | Identified the +0 hat of Okawaru's Benevolence {rPois Will-
                  | Regen+ Str+5} (Okawaru gifted it to you on level 9 of the
                  | Dungeon)
  8526 | D:9      | Received a gift from Okawaru
  8593 | D:9      | Found an ancient bone altar of Kikubaaqudgha.
  8647 | D:9      | Found a glowing silver altar of Zin.
  8720 | D:9      | Noticed a two-headed ogre
  8725 | D:9      | Killed a two-headed ogre
  9339 | D:9      | Noticed Grum
  9361 | D:9      | Killed Grum
  9442 | D:10     | Entered Level 10 of the Dungeon
  9580 | D:10     | Noticed a two-headed ogre
  9588 | D:10     | Killed a two-headed ogre
  9589 | D:10     | Reached skill level 10 in Unarmed Combat
  9593 | D:10     | You fall into a shaft and drop 3 floors!
  9644 | D:13     | Noticed a tengu warrior
  9650 | D:13     | Noticed a tengu warrior
  9702 | D:12     | Noticed a death knight
  9707 | D:12     | Noticed a phantasmal warrior
  9711 | D:12     | Noticed a green ugly thing
  9717 | D:12     | Killed a phantasmal warrior
  9722 | D:12     | Reached ****** piety under Okawaru
  9735 | D:12     | Killed a green ugly thing
  9745 | D:12     | Killed a death knight
  9745 | D:12     | Identified the +3 robe of Jetil {rC+ rCorr Int-2 SInv}
                  | (Okawaru gifted it to you on level 12 of the Dungeon)
  9745 | D:12     | Received a gift from Okawaru
  9832 | D:12     | Noticed a two-headed ogre
  9838 | D:12     | Killed a two-headed ogre
  9839 | D:12     | Reached XP level 12. HP: 119/119 MP: 12/14
  9955 | D:12     | Found a staircase to the Orcish Mines.
 10066 | D:12     | Found a frozen archway.
 10078 | IceCv    | Entered an ice cave
 10639 | IceCv    | Reached skill level 5 in Invocations
 11014 | IceCv    | Identified the +2 cloak of the Orcish Mines {-Cast rC+ rN+
                  | Str+3} (Okawaru gifted it to you in an ice cave)
 11014 | IceCv    | Received a gift from Okawaru
 11435 | D:11     | Reached skill level 11 in Unarmed Combat
 11855 | D:10     | Found a staircase to the Lair.
 11918 | D:10     | Reached skill level 10 in Throwing
 12616 | D:10     | Found a sacrificial altar of Ru.
 12726 | Lair:1   | Entered Level 1 of the Lair of Beasts
 12813 | Lair:1   | Reached XP level 13. HP: 131/131 MP: 15/15
 12955 | Lair:1   | Identified the quicksilver dragon scales of Jigsaw {Will+
                  | Int+2 Dex+4} (Okawaru gifted it to you on level 1 of the
                  | Lair of Beasts)
 12955 | Lair:1   | Received a gift from Okawaru
 13166 | Lair:1   | Found a dark tunnel.
 13178 | Volcano  | Entered a volcano
 13416 | Volcano  | Found a radiant altar of Vehumet.
 13672 | Lair:1   | Reached skill level 12 in Unarmed Combat
 14942 | Lair:2   | Found a hole to the Spider Nest.
 15134 | Lair:2   | Received a gift from Okawaru
 15606 | Lair:3   | Reached skill level 5 in Armour
 16130 | Lair:3   | Identified the +1 robe of Tomorrow {rPois} (Okawaru gifted
                  | it to you on level 3 of the Lair of Beasts)
 16130 | Lair:3   | Received a gift from Okawaru
 16402 | Lair:4   | Noticed Snorg
 16701 | Lair:4   | Reached XP level 14. HP: 81/140 MP: 17/17
 17123 | Lair:4   | Killed Snorg
 17261 | Lair:4   | Reached skill level 10 in Fighting
 17279 | Lair:4   | Found a staircase to the Shoals.
 17684 | Lair:5   | Received a gift from Okawaru
 17684 | Lair:5   | Found the +5 sword of Power {vorpal}
 18010 | Lair:5   | Reached skill level 10 in Dodging
 18038 | Lair:5   | Found a snail-covered altar of Cheibriados.
 18711 | Lair:6   | Entered Level 6 of the Lair of Beasts
 18757 | Lair:5   | Received a gift from Okawaru
 18914 | Lair:6   | Found a staircase to the Slime Pits.
 18951 | Lair:6   | Reached skill level 13 in Unarmed Combat
 19038 | Lair:6   | Got Lavagil's Second Course in Wizardry
 19110 | Lair:6   | Identified the +0 cloak of Servitude {Fly rPois Int+3}
                  | (Okawaru gifted it to you on level 6 of the Lair of Beasts)
 19110 | Lair:6   | Received a gift from Okawaru
 19858 | Lair:6   | Reached skill level 14 in Unarmed Combat
 19884 | Lair:6   | Noticed Urug
 19895 | Lair:6   | Killed Urug
 19896 | Lair:6   | Reached XP level 15. HP: 144/149 MP: 11/18
 20322 | Lair:6   | Received a gift from Okawaru
 20606 | D:11     | Found the +6 shillelagh "Devastator" {shatter}
 21337 | Orc:1    | Entered Level 1 of the Orcish Mines
 21746 | Orc:2    | Entered Level 2 of the Orcish Mines
 21746 | Orc:2    | Found a staircase to the Elven Halls.
 21893 | Orc:2    | Noticed an orc warlord
 21910 | Orc:1    | Received a gift from Okawaru
 22160 | Orc:2    | Killed an orc warlord
 22161 | Orc:2    | Reached skill level 5 in Evocations
 22631 | Orc:2    | Found Tikaweli's Magic Scroll Emporium.
 22631 | Orc:2    | Found Tyacuhies's Distillery.
 22956 | Orc:2    | Found Zyonn's Distillery.
 22956 | Orc:2    | Found Kisiygat's Assorted Antiques.
 23028 | Orc:2    | Noticed Rupert
 23036 | Orc:2    | Killed Rupert
 23036 | Orc:2    | Received a gift from Okawaru
 23155 | Orc:2    | Noticed confidenceinterval's ghost (journeyman GrIE)
 23180 | Orc:2    | Found a transporter.
 23376 | Orc:2    | Found a transporter.
 23550 | Orc:2    | Identified the +2 robe "Kaifauph" {+Blink Str-5 Dex+6
                  | Slay+2} (Okawaru gifted it to you on level 2 of the Orcish
                  | Mines)
 23550 | Orc:2    | Received a gift from Okawaru
 23553 | Orc:2    | Identified the +1 pair of boots "Emewabri" {rElec Slay+2}
 23578 | Orc:2    | Killed confidenceinterval's ghost
 23771 | D:13     | Noticed Nessos
 23782 | D:13     | Killed Nessos
 24031 | D:13     | Found a gate to the Vaults.
 24073 | Arena    | Entered the Arena
 24074 | Arena    | Mangled by a vault guard

Illustrated notes

Levels and vault maps discovered:
D:1:      erik_arrival_blinker_ship, layout_loops_cross, st_stairs_14,
          hangedman_abyss_or_decor_stabs
D:2:      layout_basic, basic_altar, hellmonk_ecumenical_altar_crossroads
D:3:      layout_loops_ring, portal_sewer_entry_b
D:4:      layout_basic, old_standard_altar, mainiacjoe_overflow_tiny_flanked,
          mainiacjoe_overflow_two_lobes, okawaru_ov_weapons_minmay,
          temple_pool_b, serial_shops, nicolae_shop_stone,
          amcnicky_mini_corridor_feature, uniq_edmund, uniq_menkaure, uniq_ijyb
D:5:      layout_gridville, nicolae_sif_muna_condensation,
          amethyst_overflow_temple_binary, minmay_misc_feat_cross
D:6:      layout_loops_cross, gammafunk_ghost_arena, minmay_quadrilaterals
D:7:      minmay_the_grid_triangle_9x9_recursive_2
          [minmay_the_grid_triangle_9x9_prize_center,
          minmay_the_grid_triangle_9x9_minimal,
          minmay_the_grid_triangle_9x9_warning,
          minmay_the_grid_triangle_9x9_odd_lines], layout_loops_cross,
          serial_bayou_lagoon_a, uniq_prince_ribbit1, uniq_harold, uniq_maggie
D:8:      layout_loops_ring, tgw_trog, uniq_erica
D:9:      layout_stronghold, marbit_many_paths, xom_butterflies,
          general_overflow_altar, uniq_grum
D:10:     layout_loops_ring, nicolae_ru_path_of_blood, lair_entry_dummy,
          special_room [special_room_bee], minivault_8
D:11:     layout_roguey, nrook_uturn
D:12:     layout_loops_cross, minmay_orc_entry_temple_small,
          portal_ice_cave_rime
D:13:     layout_stronghold, erik_vaults_2, uniq_nessos
Temple:   jpeg_temple_island
Lair:1:   layout_layer_cave, lightli_volcano_entry_magma_tube,
          lemuel_fruit_fields, grunt_megastairs_4, serial_bayou_shore_b
Lair:2:   layout_loops_ring, dummy_spider_entry, lemuel_old_faithful,
          grunt_megastairs_5
Lair:3:   layout_regular_city, lemuel_fruit_tree
Lair:4:   layout_gridlike, elwin_shoals_entry_rooms, nicolae_lair_lindhole,
          uniq_snorg
Lair:5:   layout_cave_pods, basic_altar
Lair:6:   hangedman_lair_tendril_chambers, layout_gridlike,
          nicolae_slime_entry_slimehenge, nicolae_quartered_pool_little,
          uniq_urug
Orc:1:    layout_caves, mines_bat_river
Orc:2:    st_orc_town, layout_caves, gammafunk_ghost_berserking_beasts,
          uniq_rupert
Arena

Skill      XL: |  1  2  3  4  5  6  7  8  9 10 11 12 13 14 15 |
---------------+----------------------------------------------+-----
Fighting       | 3 4 5 6 8 9 10 11 | 11.0
Dodging        | 3 4 5 6 7 8 9 10 | 10.5
Throwing       | 2 3 4 5 7 8 9 10 11 12 | 12.0
Armour         | 1 2 3 4 5 6 |  6.0
Unarmed Combat | 4 5 7 8 9 10 11 12 14 | 14.0
Invocations    | 2 3 4 5 6 7 |  7.0
Evocations     | 1 2 3 4 5 |  5.0
Stealth        | 2 3 |  3.0

Action                   |  1- 3 |  4- 6 |  7- 9 | 10-12 | 13-15 || total
-------------------------+-------+-------+-------+-------+-------++-------
Melee: Unarmed           |    86 |   110 |   293 |   641 |  1013 ||  2143
       Punch             |     1 |     1 |    12 |    46 |    80 ||   140
Throw: Stone             |    22 |     3 |    78 |   134 |   496 ||   733
       Dart              |       |       |    11 |    23 |    30 ||    64
       Large rock        |       |       |     4 |    27 |    73 ||   104
       Javelin           |       |       |       |       |    17 ||    17
Invok: Heroism           |       |       |     4 |     8 |    16 ||    28
       Finesse           |       |       |     1 |     7 |    11 ||    19
       Duel              |       |       |       |       |     1 ||     1
Evoke: Wand              |       |       |       |       |     1 ||     1
  Use: Scroll            |     9 |     6 |     4 |     7 |     9 ||    35
       Potion            |       |       |       |     2 |     2 ||     4
 Stab: Sleeping          |     5 |     1 |     7 |     1 |     3 ||    17
       Invisible         |       |       |       |     3 |       ||     3
       Distracted        |       |       |       |       |     1 ||     1
Armor: Robe              |    28 |    67 |    53 |    77 |    67 ||   292
       Steam dragon scal |       |       |       |    62 |       ||    62
       Quicksilver drago |       |       |       |       |   168 ||   168
Dodge: Dodged            |    53 |   120 |   115 |   468 |   664 ||  1420

Table legend: (Time is in decaauts)
 A = Elapsed time spent in this place.
 B = Non-inter-level travel time spent in this place.
 C = Inter-level travel time spent in this place.
 D = Time resting spent in this place.
 E = Time spent auto-exploring this place.
 F = Levels seen in this place.
 G = Mean time per level.
                   A        B        C        D        E       F      G
               +--------+--------+--------+--------+--------+-----+--------+
         Total |  23481 |  20977 |   2504 |    100 |  15181 |  26 |  903.1 |
       Dungeon |  11818 |  10120 |   1698 |     64 |   7407 |  13 |  909.1 |
        Temple |    255 |    244 |     11 |      0 |    237 |   1 |  255.0 |
          Lair |   7137 |   6563 |    574 |     20 |   4944 |   6 | 1189.5 |
  Orcish Mines |   2019 |   1800 |    219 |     14 |   1346 |   2 | 1009.5 |
         Sewer |    585 |    585 |      0 |      0 |    221 |   1 |  585.0 |
      Ice Cave |   1241 |   1241 |      0 |      2 |    783 |   1 | 1241.0 |
       Volcano |    422 |    422 |      0 |      0 |    242 |   1 |  422.0 |
         Arena |      0 |      0 |      0 |      0 |      0 |   1 |    0.0 |
               +--------+--------+--------+--------+--------+-----+--------+

Top non-repeatable levels by time:
  Lair:6: 1509 daAuts
  Lair:1: 1451 daAuts
   Orc:2: 1422 daAuts
   IceCv: 1241 daAuts
  Lair:5: 1208 daAuts
     D:9: 1194 daAuts
  Lair:4: 1143 daAuts
     D:4: 1130 daAuts
    D:10: 1119 daAuts
     D:6: 1067 daAuts
     D:7: 1026 daAuts
     D:8: 966 daAuts
    D:12: 948 daAuts
     D:3: 933 daAuts
  Lair:3: 926 daAuts
